 Dungeon Crawl Stone Soup version 0.30-a0-134-gb40fab5c76 (webtiles) character file.

Game seed: 17370643236416186341

16594 bande the Severer (level 12, -4/106 HPs)
             Began as a Hill Orc Fighter on Sept 20, 2022.
             Was an Elder of Beogh.
             Slain by a merfolk
             ... wielding a +1 trident of venom
              (10 damage)
             ... on level 3 of the Lair of Beasts.
             The game lasted 00:23:05 (15406 turns).

bande the Severer (Hill Orc Fighter)               Turns: 15406, Time: 00:23:06

Health: -4/106     AC: 20    Str: 20    XL:     12   Next: 39%
Magic:  18/18      EV: 10    Int:  8    God:    Beogh [****..]
Gold:   704        SH:  5    Dex: 14    Spells: 11/11 levels left

rFire   . . .      SeeInvis .    e - +8 mithril axe "Arga" {speed, Will+}
rCold   . . .      Faith    .    c - +0 buckler
rNeg    . . .      Spirit   .    B - +0 plate armour
rPois   .          Reflect  .    (no helmet)
rElec   .          Harm     .    r - +0 cloak
rCorr   .          Rampage  .    l - +0 pair of gloves
Will    +....                    C - +2 pair of boots {Fly}
Stlth   ..........               (no amulet)
HPRegen 0.27/turn                n - ring of flight
MPRegen 0.16/turn                q - +4 ring of evasion

@: lethally poisoned (-4 -> -39), flying
A: no striking features
a: Renounce Religion, Smiting, Recall Orcish Followers


You were on level 3 of the Lair of Beasts.
You worshipped Beogh.
Beogh was greatly pleased with you.
You visited 2 branches of the dungeon, and saw 12 of its levels.
You also visited: Ossuary.

You collected 798 gold pieces.
You spent 94 gold pieces at shops.

Inventory:

Hand Weapons
 e - the +8 mithril axe "Arga" (weapon) {speed, Will+}
   (You acquired it on level 2 of the Dungeon)

   Attacks with this weapon are significantly faster.
   Will:      It increases your willpower.
 z - a +4 morningstar of freezing
 D - a +0 broad axe of protection
Missiles
 v - a throwing net (quivered)
Armour
 c - a +0 buckler (worn)
 l - a +0 pair of gloves (worn)
 r - a +0 cloak (worn)
 B - a +0 plate armour (worn)
 C - a +2 pair of boots of flying (worn)
Jewellery
 n - a ring of flight (left hand)
 q - a +4 ring of evasion (right hand)
 t - an amulet of faith
Wands
 j - a wand of digging (4)
 p - a wand of roots (14)
 y - a wand of charming (22)
 F - a wand of flame (14)
Scrolls
 i - 6 scrolls of teleportation
 k - a scroll of enchant weapon
 m - a scroll of butterflies {unknown}
 w - 6 scrolls of identify
 A - a scroll of fear
Potions
 a - a potion of berserk rage
 b - 5 potions of curing
 d - 5 potions of might
 f - 2 potions of resistance
 g - a potion of cancellation
 h - 5 potions of invisibility
 o - 2 potions of haste
 s - a potion of mutation
 u - 4 potions of brilliance
 x - a potion of heal wounds
 E - a potion of magic


   Skills:
 + Level 9.7 Fighting
 + Level 16.0 Axes
 + Level 9.3 Armour
 + Level 6.1 Shields
 * Level 8.7 Invocations
 * Level 7.8 Evocations


You had 11 spell levels left.
You didn't know any spells.
Your spell library contained the following spells:

 Spells                   Type           Power      Damage    Failure   Level
 Apportation              Tloc           0%         N/A       100%        1
 Magic Dart               Conj           0%         1d3       100%        1
 Necrotise                Necr           0%         1d4       100%        1
 Sting                    Tmut/Pois      0%         1d3       100%        1
 Summon Small Mammal      Summ           0%         N/A       100%        1
 Blink                    Tloc           0%         N/A       100%        2
 Call Imp                 Summ           0%         N/A       100%        2
 Poisonous Vapours        Pois/Air       0%         N/A       100%        2
 Searing Ray              Conj           0%         2d4       100%        2
 Lesser Beckoning         Tloc           0%         N/A       100%        3
 Mephitic Cloud           Conj/Pois/Air  0%         N/A       100%        3
 Fulminant Prism          Conj/Hex       0%         3d6       100%        4
 Manifold Assault         Tloc           0%         N/A       100%        4
 Olgreb's Toxic Radiance  Pois           0%         N/A       100%        4
 Fireball                 Conj/Fire      0%         3d3       100%        5
 Iskenderun's Battlesphe  Conj           0%         2d6       100%        5
 Conjure Ball Lightning   Conj/Air       0%         3x3d6     100%        6
 Orb of Destruction       Conj           0%         9d5       100%        7
 Discord                  Hex            0%         N/A       100%        8
 Disjunction              Tloc           0%         N/A       100%        8


Dungeon Overview and Level Annotations

Branches:
Dungeon (9/15)             Temple (0/1) D:4            Lair (3/5) D:9
 Shoals (0/4) Lair:3        Snake (0/4) Lair:2      Ossuary (visited)
    Orc: D:9-12

Altars:
Ashenzari
Cheibriados
Dithmenos
Elyvilon
Fedhas
Gozag
Hepliaklqana
Kikubaaqudgha
Makhleb
Nemelex Xobeh
Okawaru
Qazlal
Ru
Sif Muna
Trog
Uskayaw
Vehumet
Wu Jian
Xom
Yredelemnul
The Shining One

Shops:
D:4 *   D:5 (   D:7 (

Annotations:
D:4 1 transporter, KittyKat's ghost, amateur GrMo


Message History

The bolt of electricity hits you! x2
The bolt of electricity hits the electric eel.
The electric eel completely resists.
Unknown command.
You hit the electric eel.
The electric eel is almost dead.
You feel very sick.
The merfolk hits you but does no damage.
You slash the electric eel!
You kill the electric eel!
Beogh accepts your kill.
You hear a splash.
You feel very sick.
You feel very sick.
The merfolk hits you with a +1 trident of venom!
You are more poisoned.
You slash the merfolk!
The merfolk is moderately wounded.
You feel very sick.
The merfolk hits you but does no damage.
You are more poisoned.
You hit the merfolk.
The merfolk is moderately wounded.
You feel very sick.
You slice the merfolk!!
The merfolk is severely wounded.
You feel very sick.
The merfolk hits you with a +1 trident of venom!!
* * * LOW HITPOINT WARNING * * *
You are more poisoned.
You hit the merfolk.
The merfolk is severely wounded.
* * * LOW HITPOINT WARNING * * *
You feel very sick.
You closely miss the merfolk.
The merfolk is severely wounded.
* * * LOW HITPOINT WARNING * * *
You feel very sick.
The merfolk hits you with a +1 trident of venom!
You die...

### ## ### ######## ##.#####.#
### #.#####.#.##.#######.#..#P...
..# ##.........................#.
..###..#.###..#####.####'.#......
#..P#[..## #..#~~~#.#~~~#........
..<......# ##.#~o†###~~~#....####
..###....# ###m@)#~#~~†##..## .
..# ##..## #~###'~####~#.P# # ###
#### # #~~~#~~~#..# ## .#
#~>~#~~≈#.## ##. ## #~~)#~~~#..
#.. .# ##~'###~#.. #.. .#
#~#~≈~##### #.# ##
###~~~#..P###.# # #~~~#....##.#


You could see a merfolk (ally target) and the friendly Bogbarth the orc knight.

Vanquished Creatures
  Nergalle (Lair:1)
  A merfolk siren (Lair:3)
  Joseph (D:8)
  A black mamba (Lair:2)
  A torpor snail (Lair:3)
  5 cane toads
  A komodo dragon (Lair:1)
  2 trolls (D:9)
  A merfolk (Lair:3)
  2 polar bears
  2 hornets
  Sigmund (D:4)
  19 yaks
  A steam dragon (D:7)
  2 basilisks
  2 nagas (Lair:2)
  4 water moccasins
  3 black bears (Lair:2)
  2 orc warriors (D:9)
  3 ice beasts
  2 ogres
  3 wolves (Lair:2)
  5 centaurs
  A kobold brigand (D:9)
  3 phantoms
  5 necrophages
  6 bullfrogs
  2 gnoll sergeants
  2 scorpions
  3 water moccasin zombies (Ossuary)
  15 wights
  6 killer bees (D:9)
  4 howler monkeys (D:9)
  2 electric eels
  A gnoll bouda (D:9)
  3 hounds
  Crazy Yiuf (D:4)
  An orc priest (D:6)
  4 orc wizards
  6 iguanas
  The ghost of HilariousDeathArtist the Sneak, a weakling GrDe (D:5)
  2 mummies (Ossuary)
  8 gnolls
  13 adders
  3 shadow imps (D:8)
  3 adder zombies (Ossuary)
  A worm (D:2)
  4 dart slugs
  25 orcs
  6 ball pythons
  5 bats
  8 endoplasms
  3 giant cockroaches
  7 goblins
  10 hobgoblins
  4 jackals
  7 quokkas
  3 training dummies (D:5)
  4 frilled lizards
  4 gnoll zombies (Ossuary)
  7 hobgoblin zombies (Ossuary)
  15 kobolds
  4 kobold zombies (Ossuary)
  5 orc zombies (Ossuary)
  6 rats
288 creatures vanquished.

Vanquished Creatures (collateral kills)
  A catoblepas (Lair:1)
  A hydra (Lair:1)
  A wolf spider (Lair:1)
  2 cane toads
  3 komodo dragons (Lair:1)
  A wyvern (Lair:2)
  7 yaks
  2 water moccasins
  A black bear (Lair:2)
  3 wolves (Lair:2)
  A centaur (D:9)
  A bullfrog (Lair:3)
  4 adders (Lair:1)
28 creatures vanquished.

Vanquished Creatures (others)
  An orc priest (D:5)
  2 orc wizards (D:5)
  3 orcs
  15 fungi
  43 plants
  2 withered plants (D:5)
66 creatures vanquished.

Grand Total: 382 creatures vanquished

Notes
Turn   | Place    | Note
-------+----------+-------------------------------------------
     0 | D:1      | bande the Hill Orc Fighter began the quest for the Orb.
     0 | D:1      | Reached XP level 1. HP: 19/19 MP: 1/1
    47 | D:1      | Reached XP level 2. HP: 27/27 MP: 2/2
   111 | D:1      | Reached skill level 3 in Axes
   482 | D:1      | Reached XP level 3. HP: 27/33 MP: 3/3
   763 | D:1      | Found a faded altar of an unknown god.
  1231 | D:2      | Identified a scroll of acquirement
  1231 | D:2      | Acquired the +8 mithril axe "Arga" {speed, Will+}
  1231 | D:2      | Found the +8 mithril axe "Arga" {speed, Will+}
  1635 | D:2      | Reached skill level 4 in Axes
  1635 | D:2      | Reached XP level 4. HP: 40/40 MP: 4/4
  2228 | D:3      | Found an opulent altar of Gozag.
  2382 | D:3      | Reached XP level 5. HP: 34/46 MP: 5/5
  2383 | D:3      | Reached skill level 5 in Axes
  2519 | D:3      | Found a shadowy altar of Dithmenos.
  2549 | D:3      | Found a blossoming altar of Fedhas.
  2594 | D:3      | Found a faded altar of an unknown god.
  2632 | D:3      | Found a glowing golden altar of the Shining One.
  2634 | D:3      | Noticed an angel
  2701 | D:3      | Found a basalt altar of Yredelemnul.
  2853 | D:4      | Found a staircase to the Ecumenical Temple.
  3043 | D:4      | Found a sacrificial altar of Ru.
  3043 | D:4      | Found a white marble altar of Elyvilon.
  3044 | D:4      | Found a broken altar of Ashenzari.
  3072 | D:4      | Found Boihuschu's Assorted Antiques.
  3077 | D:4      | Bought a pair of gloves for 94 gold pieces
  3090 | D:4      | Noticed KittyKat's ghost (amateur GrMo)
  3090 | D:4      | Noticed an ogre
  3101 | D:4      | Found a transporter.
  3108 | D:3      | Found an ancient bone altar of Kikubaaqudgha.
  3185 | D:4      | Noticed a phantom
  3190 | D:4      | Killed a phantom
  3191 | D:4      | Reached skill level 6 in Axes
  3191 | D:4      | Reached XP level 6. HP: 53/53 MP: 6/6
  3282 | D:4      | Found a faded altar of an unknown god.
  3282 | D:4      | Found an ornate altar of the Wu Jian Council.
  3290 | D:4      | Found a burning altar of Makhleb.
  3292 | D:4      | Found a sparkling altar of Nemelex Xobeh.
  3294 | D:4      | Found a faded altar of an unknown god.
  3366 | D:4      | Identified the +2 great mace of a Hundred Continents
                  | {vorpal, rN+ rCorr Str-4}
  3507 | D:4      | Found a hazy altar of Hepliaklqana.
  3508 | D:4      | Found a shimmering altar of Xom.
  3509 | D:4      | Noticed a spectral ugly thing
  3519 | D:4      | Noticed Sigmund
  3530 | D:4      | Killed Sigmund
  3531 | D:4      | Reached skill level 7 in Axes
  3531 | D:4      | Reached skill level 1 in Evocations
  3614 | D:4      | Found a runed translucent door.
  3615 | D:4      | Noticed Crazy Yiuf
  3836 | D:4      | Killed Crazy Yiuf
  3837 | D:4      | Reached XP level 7. HP: 60/60 MP: 7/7
  3966 | D:5      | Entered Level 5 of the Dungeon
  4417 | D:5      | Reached skill level 5 in Armour
  4465 | D:5      | Reached skill level 8 in Axes
  4522 | D:5      | Found Buckulow's Firing Range.
  4560 | D:5      | Found a runed translucent door.
  4560 | D:5      | Noticed HilariousDeathArtist's ghost (weakling GrDe)
  4714 | D:5      | Became a worshipper of Beogh the Brigand
  4717 | D:5      | Reached skill level 5 in Fighting
  4927 | D:5      | Reached XP level 8. HP: 61/68 MP: 8/8
  5114 | D:5      | Killed HilariousDeathArtist's ghost
  5174 | D:6      | Noticed a yak
  5174 | D:6      | Noticed a yak
  5174 | D:6      | Noticed a yak
  5192 | D:5      | Killed a yak
  5193 | D:5      | Reached skill level 9 in Axes
  5350 | D:6      | Noticed a yak
  5361 | D:5      | Killed a yak
  5370 | D:5      | Killed a yak
  5371 | D:5      | Killed a yak
  5372 | D:5      | Reached skill level 10 in Axes
  6272 | D:6      | Reached XP level 9. HP: 48/71 MP: 9/9
  6556 | D:6      | Reached skill level 1 in Invocations
  6754 | D:6      | Reached skill level 11 in Axes
  7484 | D:7      | Found a radiant altar of Vehumet.
  7583 | D:7      | Reached * piety under Beogh
  7680 | D:7      | Found Yram's Weapon Shoppe.
  7734 | D:7      | Found a sand-covered staircase.
  7739 | Ossuary  | Entered an ossuary
  7758 | Ossuary  | Reached skill level 12 in Axes
  7758 | Ossuary  | Reached skill level 5 in Evocations
  7843 | Ossuary  | Reached ** piety under Beogh
  7844 | Ossuary  | Reached XP level 10. HP: 79/84 MP: 12/12
  8029 | D:7      | Found a bloodstained altar of Trog.
  8033 | D:7      | Found a snail-covered altar of Cheibriados.
  8036 | D:7      | Found an iron altar of Okawaru.
  8036 | D:7      | Found a stormy altar of Qazlal.
  8111 | D:7      | Noticed a +0 dagger
  8111 | D:7      | Noticed a +0 hand axe
  8112 | D:7      | Found a hide-covered altar of Uskayaw.
  8275 | D:7      | Found a shimmering blue altar of Sif Muna.
  9310 | D:8      | Noticed Joseph
  9338 | D:8      | Killed Joseph
  9339 | D:8      | Reached skill level 5 in Invocations
  9911 | D:8      | Reached skill level 13 in Axes
 10127 | D:8      | Acquired a +2 pair of boots of flying
 10156 | D:9      | Found a staircase to the Lair.
 10279 | D:9      | Reached *** piety under Beogh
 10287 | D:9      | Reached skill level 5 in Shields
 11334 | Lair:1   | Entered Level 1 of the Lair of Beasts
 11588 | Lair:1   | Reached XP level 11. HP: 94/94 MP: 15/15
 11711 | Lair:1   | Noticed Nergalle
 11723 | Lair:1   | Killed Nergalle
 11724 | Lair:1   | Reached skill level 14 in Axes
 11737 | Lair:1   | Noticed a wolf spider
 11742 | Lair:1   | Killed a wolf spider
 12005 | Lair:1   | Noticed a five-headed hydra
 12013 | Lair:1   | Killed a six-headed hydra
 12759 | Lair:1   | Noticed a catoblepas
 12770 | Lair:1   | Killed a catoblepas
 12781 | Lair:1   | Reached skill level 15 in Axes
 13901 | Lair:2   | Reached **** piety under Beogh
 13910 | Lair:2   | Gained Bogbarth as an ally
 13911 | Lair:2   | Reached XP level 12. HP: 27/104 MP: 16/18
 14194 | Lair:2   | Found a staircase to the Snake Pit.
 15052 | Lair:3   | Identified the +4 falchion "Haut" {speed, Str+4}
 15156 | Lair:3   | Found a staircase to the Shoals.
 15393 | Lair:3   | Reached skill level 16 in Axes
 15406 | Lair:3   | Slain by a merfolk

Illustrated notes

Levels and vault maps discovered:
D:1:      wander_arrival_desolate, layout_loops_corners,
          shapermc_ecumenical_altar_mp_vishouse
D:2:      layout_basic, kennysheep_potato
D:3:      layout_basic, grunt_temple_overflow_holy_war,
          overflow_temple_1_default, mainiacjoe_overflow_brackets,
          grunt_dithmenos_smoke_and_mirrors, nicolae_overflow_ecumenical_swirl,
          minmay_box_of_dots
D:4:      cheibrodos_quashed, layout_loops_ring, regret_index_temple_of_mockery,
          gammafunk_temple_overflow_claw, chequers_temple_overflow_minitemple,
          minmay_temple_entry_mist, serial_shops, shop, gammafunk_ghost_smash,
          uniq_crazy_yiuf_cottage, uniq_sigmund
D:5:      layout_basic, gammafunk_ghost_grave, nicolae_shop_firing_range
D:6:      layout_cave_pools, serial_co_window_serial, co_window_paths_b,
          co_window_of_opportunity_a, co_window_corner_a, co_window_paths_a,
          co_window_paths_a, co_window_paths_a, co_window_of_opportunity_a,
          co_window_of_opportunity_a, co_window_of_opportunity_a,
          co_window_paths_c, co_window_paths_c, co_window_of_opportunity_b,
          co_window_corner_b, co_window_corner_cb, co_window_2corner,
          co_window_corner_ca, glass_columns_b, glass_columns_b,
          glass_columns_c, glass_columns_b, glass_columns_a
D:7:      layout_loops_cross, lemuel_blue_sif_altar,
          nicolae_overflow_hallway_of_the_gods, dancing_weapons_uskayaw,
          enter_ossuary_2, serial_shops, shop, minmay_misc_feat_chi,
          kennysheep_small_square
D:8:      layout_loops_cross, uniq_joseph
D:9:      layout_gridville, lair_entry_dummy, st_stairs_9
Lair:1:   minmay_lair_venomous_thicket, layout_regular_city,
          hangedman_lair_generics_rect, uniq_nergalle
Lair:2:   layout_chaotic_city, guppyfry_snake_entry_island,
          beast_lair_carwin_10, infiniplex_staircase_pool_2,
          serial_bayou_shore_a
Lair:3:   cheibrodos_lair_overgrown_chateau, layout_loops_ring,
          elwin_shoals_entry_rooms, lightli_volcano_entry_magma_tube

Skill      XL: |  1  2  3  4  5  6  7  8  9 10 11 12 |
---------------+-------------------------------------+-----
Axes           | 3 4 6 7 8 10 12 13 15 16 | 16.0
Fighting       | 4 5 6 8 9 |  9.7
Armour         | 4 5 6 7 8 9 |  9.3
Shields        | 4 5 6 |  6.1
Evocations     | 1 2 3 5 6 7 |  7.8
Invocations    | 3 6 8 |  8.7

Action                   |  1- 3 |  4- 6 |  7- 9 | 10-12 || total
-------------------------+-------+-------+-------+-------++-------
Melee: War axe           |    77 |       |       |       ||    77
       Broad axe         |     9 |    81 |   187 |   382 ||   659
       Morningstar       |       |       |       |     1 ||     1
Invok: Convert to Beogh  |       |       |     1 |       ||     1
  Use: Scroll            |     3 |     6 |     6 |    13 ||    28
       Potion            |       |       |       |     1 ||     1
 Stab: Distracted        |       |       |       |     2 ||     2
Armor: Scale mail        |    38 |    21 |       |       ||    59
       Chain mail        |       |    11 |    45 |   112 ||   168
       Plate armour      |       |       |       |    39 ||    39
Dodge: Dodged            |    30 |    32 |    58 |   157 ||   277
Block: Buckler           |    24 |     9 |    24 |   104 ||   161

Table legend: (Time is in decaauts)
 A = Elapsed time spent in this place.
 B = Non-inter-level travel time spent in this place.
 C = Inter-level travel time spent in this place.
 D = Time resting spent in this place.
 E = Time spent auto-exploring this place.
 F = Levels seen in this place.
 G = Mean time per level.
                   A        B        C        D        E       F      G
               +--------+--------+--------+--------+--------+-----+--------+
         Total |  15252 |  14816 |    436 |   3943 |   8875 |  13 | 1173.2 |
       Dungeon |  11046 |  10610 |    436 |   2488 |   6758 |   9 | 1227.3 |
          Lair |   3994 |   3994 |      0 |   1455 |   1969 |   3 | 1331.3 |
       Ossuary |    212 |    212 |      0 |      0 |    148 |   1 |  212.0 |
               +--------+--------+--------+--------+--------+-----+--------+

Top non-repeatable levels by time:
  Lair:1: 2355 daAuts
     D:5: 2158 daAuts
     D:8: 1413 daAuts
     D:6: 1338 daAuts
     D:7: 1218 daAuts
     D:4: 1107 daAuts
     D:2: 1074 daAuts
     D:1: 1020 daAuts
  Lair:2: 1015 daAuts
     D:9: 928 daAuts
     D:3: 786 daAuts
  Lair:3: 623 daAuts
 Ossuary: 212 daAuts
